 Dungeon Crawl Stone Soup version 0.28-a0-305-g9e858e973b (webtiles) character file.

Game seed: 2121541645731414636

386 SkeletonJelly2 the Cudgeller (level 7, -7/75 HPs)
             Began as a Djinni Cinder Acolyte on Aug 30, 2021.
             Was a High Priest of Ignis.
             Killed from afar by Dowan (21 damage)
             ... with a shard of ice
             ... on level 4 of the Dungeon.
             The game lasted 00:08:15 (3644 turns).

SkeletonJelly2 the Cudgeller (DjCA)                 Turns: 3644, Time: 00:08:16

Health: -7/75      AC: 23    Str: 14    XL:     7   Next: 6%
Gold:   95         EV:  2    Int: 17    God:    Ignis [*****.] SH:  0 Dex:  8

rFire   + . .      SeeInvis .   d - +0 whip (elec)
rCold   . . .      Faith    .   (no shield)
rNeg    + + +      Spirit   .   (armour currently unavailable)
rPois   ∞          Reflect  .   (helmet currently unavailable)
rElec   .          Harm     .   (cloak currently unavailable)
rCorr   .          Rampage  .   (gloves currently unavailable)
Will    .....      NoTele   +   (boots unavailable)
Stlth   +.........              (no amulet)
HPRegen 0.22/turn               (no ring)
MPRegen 0.00/turn               (no ring)

@: tree-form
A: stationary, stasis, torment immunity, boosted hp, sickness immunity, (fire
resistance 2), (cold vulnerability 1), float, innate caster, hp casting, extra
vitality 1
a: Renounce Religion, Sea of Fire, Foxfire Swarm, Rising Flame


You were on level 4 of the Dungeon.
You worshipped Ignis.
Ignis was extremely pleased with you.
You were a tree.
You visited 1 branch of the dungeon, and saw 4 of its levels.

You collected 95 gold pieces.

Inventory:

Hand Weapons
 a - a -1 falchion of flaming
 d - a +0 whip of electrocution (weapon)
Missiles
 r - 19 poisoned darts
Armour
 b - a +0 robe (melded)
 j - a +0 cloak (melded)
 s - a +0 pair of gloves (melded)
Magical Staves
 i - a staff of fire
 n - a staff of conjuration
Scrolls
 c - a scroll of blinking {unknown}
 h - 2 scrolls of teleportation {unknown}
 k - 2 scrolls of brand weapon {unknown}
 l - 2 scrolls of identify {unknown}
 m - a scroll of fear {unknown}
 p - 3 scrolls of fog {unknown}
Potions
 e - a potion of degeneration {unknown}
 f - a potion of flight {unknown}
 g - a potion of might {unknown}
 o - a potion of heal wounds


   Skills:
 - Level 3.0 Fighting
 - Level 2.6 Long Blades
 - Level 4.0 Maces & Flails
 + Level 3.4 Spellcasting


You had 5 spell levels left.
You knew the following spells:

 Your Spells              Type           Power      Damage    Failure   Level
a - Foxfire               Conj/Fire      56%        2x1d6     4%          1
b - Apportation           Tloc           28%        N/A       4%          1
c - Corpse Rot            Necr/Air       N/A        N/A       6%          2
d - Inner Flame           Hex/Fire       14%        N/A       12%         3
Your spell library was empty.

Dungeon Overview and Level Annotations

Branches:
Dungeon (4/15)
 Temple: D:4-7

Altars:
Qazlal

Annotations:
D:4 Dowan


Innate Abilities, Weirdness & Mutations

You are a tree.
Your roots penetrate the ground, keeping you stationary.
You cannot be teleported.
You are immune to unholy pain and torment.
Your maximum health is greatly increased.
Your equipment is partially melded.
You are immune to sickness and miasma.
You are immune to poison.
((Your flesh is very heat resistant. (rF++)))
((You are vulnerable to cold. (rC-)))
You float through the air rather than walking.
You learn spells naturally, not from books.
Your magical power is your life essence.
You have superior vitality. (+4 HP)


Message History

Duvessa says, "Where magic fails, the sword succeeds!"
Duvessa closely misses you.
You hit Duvessa but do no damage.
Duvessa is lightly wounded.
Duvessa hits you with a +0 short sword. x2
You take 4 damage, and have 25/46 hp.
You closely miss Duvessa.
Duvessa is lightly wounded.
Duvessa barely misses you.
Okay, then.
Flames leap up around you! Duvessa barely misses you.
The foxfire hits the kobold.
You kill the kobold!
Duvessa hits you with a +0 short sword.
You take 2 damage, and have 23/46 hp.
Your foxfire dissipates!
The foxfire hits Duvessa but does no damage.
Duvessa is lightly wounded.
The foxfire hits Duvessa.
Duvessa is lightly wounded.
The foxfire hits Duvessa but does no damage.
Duvessa is lightly wounded.
The foxfire hits Duvessa but does no damage.
Duvessa is lightly wounded.
The foxfire hits Duvessa but does no damage.
Duvessa is lightly wounded.
The foxfire hits Duvessa.
Duvessa is moderately wounded.
The foxfire hits Duvessa.
Duvessa is moderately wounded.
The foxfire hits Duvessa but does no damage.
Duvessa is moderately wounded.
The foxfire hits Duvessa but does no damage.
Duvessa is moderately wounded.
The foxfire hits Duvessa.
Duvessa is heavily wounded.
The foxfire hits Duvessa.
Duvessa is heavily wounded.
The foxfire hits Duvessa.
Duvessa is severely wounded.
The foxfire hits Duvessa but does no damage.
Duvessa is severely wounded.
The foxfire hits Duvessa.
Duvessa is severely wounded.
The foxfire hits Duvessa but does no damage.
Duvessa is severely wounded.
Okay, then.
Casting: Foxfire (safe; 6% risk of failure)
Confirm with . or Enter, or press ? or * to list all spells.
Okay, then.
Unknown command.
Unknown command.
Casting: Foxfire (safe; 6% risk of failure)
Confirm with . or Enter, or press ? or * to list all spells.
You smell decay.
Duvessa barely misses you. Duvessa misses you.
You take 1 damage, and have 22/46 hp.
You aren't carrying any items that you can evoke.
Unknown command.
Unknown command.
Really quaff the potion of lignification? [Y]es or [N]o only, please.
Really quaff the potion of lignification?
You turn into a tree.
Your +0 cloak melds into your body.
Your +0 pair of gloves melds into your body.
Your +0 robe melds into your body.
Your roots penetrate the ground.
Duvessa hits you but does no damage.
You now have 33/69 hp.
You barely miss Duvessa.
Duvessa is severely wounded.
Duvessa hits you but does no damage. Duvessa hits you with a +0 short sword.
You take 4 damage, and have 29/69 hp.
You hit Duvessa but do no damage. Lightning courses through Duvessa!!
You kill Duvessa!
Something screams, "No!
No!
NO!"
Your Spellcasting skill increases to level 3!
You have reached level 7!
The power to cast Inner Flame wells up from within.
Spell assigned to 'd'.
You regained 3 hp, and now have 32/75 hp.
You cannot move.
You swing at nothing.
Something hits you but does no damage.
You barely miss something. Something hits you but does no damage.
You closely miss something.
You hear some strange, mumbled words.
A shard of ice appears from out of thin air!
The shard of ice hits you!
* * * LOW HITPOINT WARNING * * *
You take 14 damage, and have 18/75 hp.
You barely miss something.
Something hits you but does no damage. x2
You miss something.
You hear some strange, mumbled words.
Fires begin to smoulder around you!
You hear some strange, mumbled words.
A shard of ice appears from out of thin air!
The shard of ice hits you.
* * * LOW HITPOINT WARNING * * *
You hear some strange, mumbled words.
A shard of ice appears from out of thin air!
The shard of ice hits you!!
You die...

### .# ##..## #..# ##
.....## ##..#. ###.##
#..§###..>... #....##
###§§......... #..§§#####
###§§§§.........
#....§§§§###§§§§§§..##.....
#....###§§§§§§{.§§### ##?.
#.###.# ##§♣§§§§§§§# #. #<#
#§§§§§§§§§# ### #§§######§#
#§§# #.# #§§# ..# #§## §##
.§ .#


There were no monsters in sight!

Vanquished Creatures
  Sigmund (D:3)
  Duvessa (D:4)
  Terence (D:3)
  An orc wizard (D:3)
  3 adders
  2 dart slugs
  5 orcs
  6 endoplasms
  A giant cockroach (D:2)
  5 goblins
  4 hobgoblins
  6 kobolds
  5 quokkas
  4 ball pythons
  3 bats
  3 frilled lizards
  2 rats
53 creatures vanquished.

Vanquished Creatures (others)
  172 foxfires
172 creatures vanquished.

Grand Total: 225 creatures vanquished

Notes
Turn   | Place    | Note
-------+----------+-------------------------------------------
     0 | D:1      | SkeletonJelly2 the Djinni Cinder Acolyte began the quest
                  | for the Orb.
     0 | D:1      | Reached XP level 1. HP: 20/20 MP: 0/0
   239 | D:1      | Reached skill level 1 in Maces & Flails
   315 | D:1      | Reached XP level 2. HP: 19/25 MP: 0/0
   895 | D:2      | Reached XP level 3. HP: 30/30 MP: 0/0
   895 | D:2      | Learned a level 1 spell: Apportation
   898 | D:2      | Reached skill level 2 in Maces & Flails
  1858 | D:2      | Reached XP level 4. HP: 19/35 MP: 0/0
  2473 | D:3      | Found a faded altar of an unknown god.
  2487 | D:3      | Reached skill level 3 in Maces & Flails
  2697 | D:3      | Reached XP level 5. HP: 14/40 MP: 0/0
  2697 | D:3      | Learned a level 2 spell: Corpse Rot
  2982 | D:3      | Noticed Sigmund
  2985 | D:3      | Noticed Terence
  3006 | D:3      | Killed Sigmund
  3007 | D:3      | Reached skill level 4 in Maces & Flails
  3007 | D:3      | Reached XP level 6. HP: 27/46 MP: 0/0
  3014 | D:3      | Killed Terence
  3305 | D:3      | Found a stormy altar of Qazlal.
  3551 | D:4      | Noticed Duvessa
  3551 | D:4      | Noticed Dowan
  3637 | D:4      | Killed Duvessa
  3638 | D:4      | Reached XP level 7. HP: 32/50 MP: 0/0
  3638 | D:4      | Learned a level 3 spell: Inner Flame
  3644 | D:4      | Killed from afar by Dowan

Illustrated notes

Levels and vault maps discovered:
D:1:      scummos_arrival_hexagon, layout_rooms
D:2:      layout_loops_cross, serial_aquarium, aquarium_bridge_straight
          [aquarium_subvault_bridge, aquarium_subvault_window,
          aquarium_subvault_bridge, aquarium_subvault_wall],
          aquarium_window_corridor_3, aquarium_window_corner, aquarium_window_1,
          aquarium_window_2, aquarium_view_2c, aquarium_view_2g,
          aquarium_balcony_5b, aquarium_pool_corner, minmay_misc_feat_enclosed
D:3:      layout_rooms, general_overflow_altar, ebering_ecumenical_altar_webs,
          uniq_sigmund, uniq_terence
D:4:      layout_layer_cave, minmay_misc_feat_encased, uniq_blork_the_orc,
          uniq_duvessa

Skill      XL: |  1  2  3  4  5  6 |
---------------+-------------------+-----
Maces & Flails | 1 2 3 4 |  4.0
Spellcasting   | 2 3 |  3.4
Fighting       | |  3.0
Long Blades    | |  2.6

Action                   |  1- 3 |  4- 6 |  7- 9 || total
-------------------------+-------+-------+-------++-------
Melee: Whip              |    67 |    34 |     4 ||   105
 Cast: Foxfire           |    46 |    47 |       ||    93
       Corpse Rot        |       |     1 |       ||     1
Invok: Foxfire Swarm     |       |     2 |       ||     2
       Sea of Fire       |       |       |     1 ||     1
  Use: Potion            |       |     5 |       ||     5
 Stab: Sleeping          |     1 |       |       ||     1
Armor: Robe              |    11 |    14 |       ||    25
       Skin              |       |    37 |     4 ||    41
Dodge: Dodged            |    42 |    35 |       ||    77

Table legend: (Time is in decaauts)
 A = Elapsed time spent in this place.
 B = Non-inter-level travel time spent in this place.
 C = Inter-level travel time spent in this place.
 D = Time resting spent in this place.
 E = Time spent auto-exploring this place.
 F = Levels seen in this place.
 G = Mean time per level.
                   A        B        C        D        E       F      G
               +--------+--------+--------+--------+--------+-----+--------+
         Total |   3642 |   3369 |    273 |      0 |   2904 |   4 |  910.5 |
       Dungeon |   3642 |   3369 |    273 |      0 |   2904 |   4 |  910.5 |
               +--------+--------+--------+--------+--------+-----+--------+

Top non-repeatable levels by time:
     D:2: 1880 daAuts
     D:3: 982 daAuts
     D:1: 716 daAuts
     D:4: 63 daAuts
